 Dungeon Crawl Stone Soup version 0.26.0-3-g156281e41b (webtiles) character file.

Game seed: 7794224953653389889

53043 ardl the Fighter (level 14, 0/133 HPs)
             Began as a Minotaur Hedge Wizard on Jan 10, 2021.
             Was the Champion of Fedhas.
             Killed from afar by a smoke demon (6 damage)
             ... with a sticky flame
             ... on level 3 of the Abyss.
             The game lasted 00:43:48 (25335 turns).

ardl the Fighter (Minotaur Hedge Wizard)           Turns: 25335, Time: 00:43:48

Health: 0/133      AC: 18    Str: 20    XL:     14   Next: 29%
Magic:  15/19      EV:  9    Int: 11    God:    Fedhas [******]
Gold:   1475       SH: 16    Dex: 10    Spells: 17/17 levels left

rFire    . . .     SeeInvis +   V - +1 demon trident
rCold    . . .     Faith    +   T - +0 tower shield
rNeg     . . .     Spirit   .   H - +2 swamp dragon scales
rPois    +         Reflect  .   c - +1 hat
rElec    .         Harm     .   e - +0 cloak
rCorr    .         Rampage  .   J - +2 pair of gloves
Will     +....                  (no boots)
Stlth    +.........             Y - amulet of faith
HPRegen  0.32/turn              m - +4 ring of slaying
MPRegen  0.16/turn              S - ring of see invisible

@: liquid flames, glowing
A: retaliatory headbutt, horns 2
a: Renounce Religion, Wall of Briars, Grow Ballistomycete, Overgrow, Grow Oklob


You were on level 3 of the Abyss.
You worshipped Fedhas.
Fedhas was exalted by your worship.
You visited 2 branches of the dungeon, and saw 18 of its levels.
You visited the Abyss 1 time.
You also visited: Ossuary.

You collected 1547 gold pieces.
You spent 72 gold pieces at shops.

Inventory:

Hand Weapons
 x - a +1 dagger of venom
 Q - a +2 short sword of draining
 V - a +1 demon trident (weapon)
Missiles
 a - 11 silver javelins
 b - 10 curare-tipped darts
 o - 14 javelins
 E - 14 poisoned darts (quivered)
Armour
 c - a +1 hat (worn)
 e - a +0 cloak (worn)
 H - +2 swamp dragon scales (worn)
 J - a +2 pair of gloves (worn)
 T - a +0 tower shield (worn)
Jewellery
 m - a +4 ring of slaying (left hand)
 P - an uncursed ring of poison resistance
 S - a ring of see invisible (right hand)
 Y - an amulet of faith (around neck)
Wands
 k - a wand of polymorph (4)
 B - a wand of acid (2)
 D - a wand of digging (8)
 F - a wand of disintegration (11)
 G - a wand of random effects (17)
 L - a wand of enslavement (10)
 O - a wand of iceblast (17)
 R - a wand of flame (21)
 U - a wand of paralysis (5)
Scrolls
 g - 7 scrolls of fear
 i - 2 scrolls of identify
 j - 2 scrolls of holy word
 p - 4 scrolls of blinking
 t - 5 scrolls of teleportation
 w - 12 scrolls of remove curse
 y - 8 scrolls of enchant armour
 z - 3 scrolls of fog
 A - 2 scrolls of magic mapping
 C - 3 scrolls of amnesia
 K - 2 scrolls of immolation
 N - 7 scrolls of enchant weapon
 X - a scroll of summoning
Potions
 d - 5 potions of might
 f - 3 potions of berserk rage
 h - 5 potions of haste
 l - 2 potions of heal wounds
 n - a potion of resistance
 q - 7 potions of curing
 r - a potion of ambrosia
 s - 6 potions of attraction
 u - 2 potions of lignification
 v - 3 potions of cancellation
 I - a potion of invisibility
 M - 5 potions of flight
 W - 2 potions of mutation


   Skills:
 + Level 14.7 Fighting
 - Level 12.0 Short Blades
 - Level 2.4 Maces & Flails
 * Level 13.6 Polearms
 - Level 10.0 Armour
 - Level 4.0 Dodging
 - Level 1.5 Stealth
 - Level 8.0 Shields
 - Level 2.1 Spellcasting
 - Level 0.6 Conjurations
 - Level 0.6 Summonings
 - Level 0.6 Translocations
 - Level 8.0 Invocations
 - Level 5.0 Evocations


You had 17 spell levels left.
You didn't know any spells.
Your spell library contained the following spells:

 Spells                   Type           Power        Failure   Level
 Magic Dart               Conj           8%           97%         1
 Blink                    Tloc           N/A          99%         2
 Call Imp                 Summ           2%           99%         2
 Corpse Rot               Necr/Air       N/A          99%         2
 Slow                     Hex            1%           99%         2
 Sublimation of Blood     Necr           0%           99%         2
 Conjure Flame            Conj/Fire      1%           100%        3
 Ignite Poison            Fire/Tmut/Pois 1%           100%        3
 Mephitic Cloud           Conj/Pois/Air  1%           100%        3
 Dispel Undead            Necr           1%           100%        4
 Agony                    Necr           1%           100%        5
 Excruciating Wounds      Necr           0%           100%        5
 Fireball                 Conj/Fire      0%           100%        5
 Starburst                Conj/Fire      0%           100%        6
 Ignition                 Fire           0%           100%        8


Dungeon Overview and Level Annotations

Branches:
Dungeon (12/15)            Temple (0/1) D:6            Lair (6/6) D:10
  Swamp (0/4) Lair:2        Snake (0/4) Lair:4        Slime (0/5) Lair:5
    Orc (0/2) D:9         Ossuary (visited)

Altars:
Ashenzari
Cheibriados
Dithmenos
Fedhas
Kikubaaqudgha
Makhleb
Nemelex Xobeh
Ru
Uskayaw
Vehumet
Xom
Zin
The Shining One
Jiyva

Shops:
D:5 (   D:6 }   D:7 [

Portals:
Abyss: D:6

Annotations:
D:2 1 exclusion
D:6 2 transporters, exclusion: upstairs, teolandon225's ghost, novice MiBe
Lair:5 1 runed translucent door


Innate Abilities, Weirdness & Mutations

You reflexively headbutt those who attack you in melee.
You have a pair of horns on your head.


Message History

The large abomination hits you but does no damage.
You block the large abomination's attack.
A ballistomycete spore comes into view.
You impale the large abomination!! The large abomination hits you!!
You take 20 damage, and have 58/133 hp.
You puncture the large abomination!
You destroy the large abomination!
Fedhas accepts your kill.
Your body is wracked with pain!
* * * LOW HITPOINT WARNING * * *
You block the small abomination's attack.
The large abomination hits you!!
* * * LOW HITPOINT WARNING * * *
You take 52 damage, and have 6/133 hp.
MASSIVE DAMAGE!!
The smoke demon gestures at you. The sticky flame hits you.
You are covered in liquid flames!
You die...
Fedhas appreciates your contribution to the ecosystem.

....... ##.#..# #
....... #...#..#
....... #.#. #.#
....... #... # .#
......P## ####... #
##
#...*.###..#.##.##.
#..X#.##....## .. #
#.3..........
.....##
#.#.x.@....... ....
#
..#............#.#
## . #.#
#.......#.#### . .
. ###.#.#..#_. #..
#########.. # . # #
. .##..# . . ## # .
## .. # # . . # .#
# . # #..#. . # #


You could see a large abomination, a smoke demon, a small abomination, a
friendly ballistomycete (summoned) and a friendly ballistomycete spore.

Vanquished Creatures
  3 dire elephants (Lair:6)
  2 boulder beetles
  Fannar (D:11)
  4 hydras
  A catoblepas (Lair:5)
  An anaconda (Lair:6)
  Urug (Lair:4)
  A death yak (Lair:5)
  An unseen horror (D:10)
  A lindwurm (Lair:5)
  A will-o-the-wisp (Abyss:3)
  8 black mambas
  Maggie (D:6)
  An apocalypse crab (Abyss:3)
  19 elephants
  A torpor snail (Lair:2)
  13 cane toads
  A rime drake (Lair:3)
  10 komodo dragons
  7 polar bears
  A troll (D:9)
  15 blink frogs
  Grinder (D:3)
  3 hornets
  9 dream sheep
  3 slime creatures (D:12)
  26 yaks
  9 wyverns
  Sigmund (D:2)
  5 basilisks
  2 steam dragons
  2 large abominations (Abyss:3)
  4 vampire mosquitoes (D:12)
  A swamp worm (Lair:2)
  A soldier ant (D:11)
  7 nagas (Lair:4)
  17 water moccasins
  Duvessa (D:7)
  A hornet zombie (Ossuary)
  7 orc warriors
  4 ice beasts
  5 sky beasts
  4 boggarts (Lair:4)
  A necrophage (D:9)
  5 phantoms
  14 wolves
  5 centaurs
  7 ogres
  A small abomination (Abyss:3)
  A big kobold (D:12)
  17 bullfrogs
  A wyvern zombie (Ossuary)
  Dowan (D:7)
  3 scorpions
  4 killer bees (D:7)
  A water moccasin skeleton (D:5)
  4 wights (D:6)
  5 howler monkeys
  A crimson imp (D:9)
  5 bullfrog zombies
  A centaur zombie (Ossuary)
  2 bullfrog skeletons
  A centaur skeleton (D:7)
  3 hounds
  4 orc priests
  2 jellies
  10 orc wizards
  5 iguanas
  18 mummies (Ossuary)
  Terence (D:2)
  7 worker ants
  5 hound zombies
  Robin (D:3)
  2 hound skeletons
  A howler monkey zombie (Ossuary)
  3 worker ant zombies
  6 gnolls
  13 adders
  A shadow imp (D:7)
  7 white imps
  3 ufetubi
  5 adder zombies (Ossuary)
  An adder skeleton (D:8)
  4 worms
  A dart slug (D:4)
  6 leopard geckos
  63 orcs
  A ball python (D:1)
  6 bats
  10 giant cockroaches
  16 goblins
  11 hobgoblins
  8 jackals
  6 quokkas
  3 frilled lizards
  11 kobolds
  A leopard gecko skeleton (D:5)
  2 quokka skeletons
  12 rats
  A ballistomycete spore (D:11)
547 creatures vanquished.

Vanquished Creatures (collateral kills)
  A hornet zombie (D:5)
  34 ballistomycete spores
35 creatures vanquished.

Vanquished Creatures (others)
  A cane toad (Lair:6)
  An orc (D:6)
  5 ballistomycete spores
  69 fungi
  A lurking horror (Abyss:3)
  104 plants
  5 withered plants
186 creatures vanquished.

Grand Total: 768 creatures vanquished

Notes
Turn   | Place    | Note
-------+----------+-------------------------------------------
     0 | D:1      | ardl the Minotaur Hedge Wizard began the quest for the Orb.
     0 | D:1      | Reached XP level 1. HP: 14/14 MP: 2/2
    62 | D:1      | Reached skill level 1 in Short Blades
   105 | D:1      | Reached XP level 2. HP: 17/20 MP: 0/4
  1106 | D:1      | Reached XP level 3. HP: 26/26 MP: 1/5
  1378 | D:2      | Found an ancient bone altar of Kikubaaqudgha.
  1399 | D:2      | Found a radiant altar of Vehumet.
  1702 | D:2      | Found a snail-covered altar of Cheibriados.
  1879 | D:2      | Noticed Sigmund
  1961 | D:1      | Reached XP level 4. HP: 31/33 MP: 4/6
  2100 | D:2      | Found a glowing golden altar of the Shining One.
  2100 | D:2      | Found a sacrificial altar of Ru.
  2100 | D:2      | Found a sparkling altar of Nemelex Xobeh.
  2111 | D:2      | Became a worshipper of Ru the Awakened
  2152 | D:2      | Noticed Terence
  2168 | D:2      | Killed Terence
  2189 | D:2      | Found a blossoming altar of Fedhas.
  2446 | D:2      | Fell from the grace of Ru
  2446 | D:2      | Became a worshipper of Fedhas Madash
  2679 | D:3      | Noticed Robin
  2692 | D:3      | Reached skill level 5 in Short Blades
  2719 | D:3      | Killed Robin
  2720 | D:3      | Reached XP level 5. HP: 23/39 MP: 7/7
  2750 | D:3      | Reached skill level 1 in Fighting
  2861 | D:3      | Reached skill level 1 in Armour
  2893 | D:3      | Reached * piety under Fedhas
  2967 | D:3      | Noticed Grinder
  2986 | D:4      | Reached skill level 1 in Maces & Flails
  2989 | D:4      | Reached skill level 2 in Fighting
  3153 | D:4      | Reached XP level 6. HP: 47/50 MP: 8/8
  3297 | D:4      | Noticed Ijyb
  3309 | D:4      | Noticed Ijyb
  3309 | D:4      | Ijyb changed into Ijyb the iguana
  3312 | D:4      | Killed Ijyb the iguana
  3313 | D:4      | Reached skill level 3 in Fighting
  3434 | D:4      | Reached skill level 4 in Fighting
  3622 | D:4      | Reached skill level 5 in Fighting
  3622 | D:4      | Reached XP level 7. HP: 42/61 MP: 9/9
  4066 | D:2      | Reached ** piety under Fedhas
  4312 | D:3      | Paralysed by Grinder for 5 turns
  4344 | D:5      | Entered Level 5 of the Dungeon
  4355 | D:5      | Found Cig Yluv's Weapon Emporium.
  4455 | D:5      | Reached skill level 1 in Invocations
  4559 | D:5      | Reached skill level 6 in Fighting
  5114 | D:5      | Noticed a +0 hand axe
  5114 | D:5      | Noticed a +0 dagger
  5118 | D:5      | Found a hide-covered altar of Uskayaw.
  5262 | D:5      | Reached XP level 8. HP: 55/70 MP: 10/10
  6337 | D:5      | Reached skill level 7 in Fighting
  6562 | D:5      | Reached *** piety under Fedhas
  6603 | D:5      | Reached skill level 8 in Fighting
  6709 | D:5      | Found a sacrificial altar of Ru.
  6873 | D:6      | Noticed Maggie
  6915 | D:6      | Killed Maggie
  6916 | D:6      | Reached XP level 9. HP: 65/81 MP: 11/11
  7233 | D:6      | Found a one-way gate to the infinite horrors of the Abyss.
  7233 | D:6      | Noticed teolandon225's ghost (novice MiBe)
  7236 | D:6      | Found a transporter.
  7236 | D:6      | Found a transporter.
  7236 | D:6      | Identified the cursed +1 spear "Impslayer" {distort, Int+2}
  7278 | D:5      | Found a glowing silver altar of Zin.
  7337 | D:6      | Found a staircase to the Ecumenical Temple.
  7468 | D:6      | Found a shadowy altar of Dithmenos.
  7518 | D:6      | Found Suoleash's Gadget Boutique.
  7555 | D:6      | Noticed a sixfirhy
  7766 | D:7      | Noticed Duvessa
  7789 | D:7      | Killed Duvessa
  7790 | D:7      | Reached skill level 10 in Short Blades
  7790 | D:7      | Noticed Dowan
  7797 | D:7      | Killed Dowan
  8021 | D:7      | Found a sand-covered staircase.
  8038 | Ossuary  | Entered an ossuary
  8390 | Ossuary  | Reached skill level 9 in Fighting
  8498 | Ossuary  | Reached **** piety under Fedhas
  8767 | Ossuary  | Reached skill level 5 in Invocations
  8975 | D:7      | Found Higatu's Armour Shoppe.
  9072 | D:7      | Reached XP level 10. HP: 42/93 MP: 12/12
  9078 | D:7      | Reached skill level 10 in Fighting
  9855 | D:8      | Reached skill level 11 in Fighting
  9880 | D:8      | Found a broken altar of Ashenzari.
  9950 | D:8      | Reached ***** piety under Fedhas
 10605 | D:9      | Found a burning altar of Makhleb.
 10605 | D:9      | Found a shimmering altar of Xom.
 11546 | D:9      | Found a staircase to the Orcish Mines.
 12020 | D:10     | Entered Level 10 of the Dungeon
 12063 | D:10     | Reached skill level 5 in Armour
 12177 | D:10     | Killed an unseen horror
 12178 | D:10     | Reached skill level 12 in Fighting
 12623 | D:7      | Bought a +0 tower shield for 72 gold pieces
 12757 | D:10     | Found a staircase to the Lair.
 12862 | D:10     | Reached skill level 1 in Shields
 12902 | D:10     | Noticed a boulder beetle
 12911 | D:10     | Killed a boulder beetle
 12912 | D:10     | Reached XP level 11. HP: 104/104 MP: 15/15
 13383 | D:11     | Noticed Sonja
 13384 | D:11     | Noticed Sonja
 13384 | D:11     | Sonja changed into Sonja the soldier ant
 13395 | D:11     | Killed Sonja the soldier ant
 13452 | D:11     | Got a pair of translucent gloves
 13458 | D:11     | Identified the cursed -3 pair of gloves of Votodgh {rC+}
                  | (You found it on level 11 of the Dungeon)
 13488 | D:11     | Noticed Fannar
 13501 | D:11     | Killed Fannar
 13502 | D:11     | Reached skill level 1 in Evocations
 13789 | D:11     | Reached skill level 5 in Shields
 14189 | Lair:1   | Entered Level 1 of the Lair of Beasts
 14198 | Lair:1   | Got a twisted hunting sling
 14199 | Lair:1   | Identified the +7 hunting sling of Zien {flame, rPois rF-
                  | rC++ Dex+2} (You found it on level 1 of the Lair of Beasts)
 15868 | Lair:2   | Reached XP level 12. HP: 70/113 MP: 17/17
 15882 | Lair:2   | Reached skill level 13 in Fighting
 15885 | Lair:2   | Reached skill level 5 in Evocations
 16397 | Lair:2   | Noticed a six-headed hydra
 16412 | Lair:2   | Killed a six-headed hydra
 16726 | Lair:2   | Found a staircase to the Swamp.
 17455 | Lair:3   | Reached skill level 14 in Fighting
 17630 | Lair:3   | Noticed a boulder beetle
 17638 | Lair:3   | Killed a boulder beetle
 18359 | D:3      | Killed Grinder
 18398 | D:2      | Killed Sigmund
 18740 | Lair:4   | Reached skill level 10 in Armour
 18855 | Lair:4   | Noticed a death yak
 18855 | Lair:4   | Noticed a death yak
 18855 | Lair:4   | Noticed a death yak
 19084 | Lair:4   | Noticed a five-headed hydra
 19117 | Lair:4   | Killed a five-headed hydra
 19645 | Lair:4   | Noticed Urug
 19658 | Lair:4   | Killed Urug
 19736 | Lair:4   | Found a burning altar of Makhleb.
 19828 | Lair:4   | Found a staircase to the Snake Pit.
 19910 | Lair:4   | Reached ****** piety under Fedhas
 19926 | Lair:4   | Reached XP level 13. HP: 99/124 MP: 18/18
 20071 | Lair:4   | Reached skill level 1 in Polearms
 20881 | Lair:5   | Reached skill level 5 in Polearms
 21732 | Lair:5   | Found a runed translucent door.
 21732 | Lair:5   | Found a viscous altar of Jiyva.
 21735 | Lair:5   | Found a staircase to the Slime Pits.
 22007 | Lair:6   | Entered Level 6 of the Lair of Beasts
 22184 | Lair:6   | Reached skill level 10 in Polearms
 23133 | Lair:6   | Noticed a dire elephant
 23133 | Lair:6   | Noticed a dire elephant
 23152 | Lair:6   | Noticed a dire elephant
 23156 | Lair:6   | Killed a dire elephant
 23160 | Lair:6   | Killed a dire elephant
 23161 | Lair:6   | Reached XP level 14. HP: 81/132 MP: 19/19
 23409 | Lair:6   | Got a smoking war axe
 23415 | Lair:6   | Identified the +5 war axe "Okhleisk" {vamp, +Rage rElec
                  | Int+2} (You found it on level 6 of the Lair of Beasts)
 25003 | D:12     | Identified the +5 war axe of Temisaiv {flame, rElec}
 25188 | D:12     | Cast into level 3 of the Abyss (a wizard)
 25188 | Abyss:3  | Found a corrupted altar of Lugonu.
 25317 | Abyss:3  | Found a hide-covered altar of Uskayaw.
 25334 | Abyss:3  | HP: 6/133 [large abomination (24)]
 25335 | Abyss:3  | Killed from afar by a smoke demon

Illustrated notes

Levels and vault maps discovered:
D:1:      psy_arrival_whirlpool, layout_loops_ring
D:2:      layout_basic, nicolae_overflow_crystal_walls,
          nicolae_overflow_hidden_temple, kiku_gazebo_garden_becter,
          gammafunk_temple_overflow_claw, lemuel_coloured_pillars_altar,
          nrook_mini_vaults, minmay_crystal_room,
          chequers_serial_rivers_micro_a, minivault_5, columned_hall_lemuel,
          minmay_bisected, uniq_terence, uniq_sigmund
D:3:      layout_rooms, grunt_decor_resistance, uniq_robin, uniq_grinder
D:4:      layout_rooms, serial_glass, glass_columns_b, glass_columns_b,
          glass_columns_a, glass_columns_c, glass_columns_a, glass_columns_a,
          uniq_ijyb
D:5:      minmay_bubble_buster, layout_gridville, zin_treasury,
          dancing_weapons_uskayaw, serial_shops, shop,
          nicolae_ru_the_path_less_chosen
D:6:      layout_rooms, lemuel_round_altar, minmay_temple_entry_statues_pillars,
          gammafunk_ghost_abyssal_escape, serial_shops, kennysheep_little_box,
          uniq_maggie
D:7:      layout_loops_ring, serial_shops, shop_fountains,
          chequers_ossuary_entry_cave, uniq_duvessa
D:8:      layout_loops_corners, cheibrodos_ashenzari_chains
D:9:      layout_basic, grunt_temple_overflow_champion_of_chaos, orc_0_dummy
D:10:     layout_basic, lair_entry_dummy, nicolae_two_hexagons
D:11:     layout_roguey, special_room [special_room_orc], uniq_fannar,
          uniq_sonja
D:12:     layout_small_grid
Lair:1:   layout_roguey
Lair:2:   layout_roguey, minmay_swamp_entry_worms, cheibrodos_lair_lostbears,
          grunt_megastairs_4
Lair:3:   layout_regular_city, serial_bayou_shore_b, infiniplex_staircase_pool_2
Lair:4:   layout_cave_pods, minmay_snake_entry_guardpost_large, basic_altar,
          kilobyte_rumbling_trees, uniq_urug
Lair:5:   layout_regular_city, slime_altar_2
Lair:6:   due_jungle_book, layout_gridlike, grunt_megastairs_3,
          serial_bayou_shore_a, infiniplex_staircase_pool
Abyss:3:  base: Lair:4, nicolae_abyss_rune_star_stuff,
          nicolae_abyss_rune_star_stuff

Skill      XL: |  1  2  3  4  5  6  7  8  9 10 11 12 13 14 |
---------------+-------------------------------------------+-----
Short Blades   | 1 3 4 5 6 9 10 12 | 12.0
Fighting       | 2 5 6 8 9 12 14 | 14.7
Armour         | 2 3 4 6 8 10 | 10.0
Maces & Flails | 2 |  2.4
Invocations    | 3 5 7 8 |  8.0
Dodging        | 4 |  4.0
Shields        | 3 6 7 8 |  8.0
Evocations     | 4 5 |  5.0
Polearms       | 12 13 | 13.6
Stealth        | |  1.5
Spellcasting   | |  2.1
Conjurations   | |  0.6
Summonings     | |  0.6
Translocations | |  0.6

Action                   |  1- 3 |  4- 6 |  7- 9 | 10-12 | 13-15 || total
-------------------------+-------+-------+-------+-------+-------++-------
Melee: Dagger            |   122 |   143 |   677 |   808 |       ||  1750
       Headbutt          |    13 |    30 |   140 |   231 |   171 ||   585
       Mace              |       |    74 |       |       |       ||    74
       Short sword       |       |       |       |   190 |   515 ||   705
       Demon trident     |       |       |       |       |   146 ||   146
 Cast: Magic Dart        |    42 |       |       |       |       ||    42
Invok: Wall of Briars    |       |       |     1 |     4 |       ||     5
       Grow Ballistomyce |       |       |     1 |     4 |     6 ||    11
       Grow Oklob        |       |       |       |       |     1 ||     1
Evoke: Wand              |       |     1 |     1 |    10 |     2 ||    14
  Use: Potion            |       |     1 |       |     2 |     6 ||     9
       Scroll            |       |       |    17 |    11 |     4 ||    32
 Stab: Distracted        |       |       |     1 |       |       ||     1
       Paralysed         |       |       |       |     5 |       ||     5
       Confused          |       |       |       |     2 |     1 ||     3
Armor: Robe              |    12 |       |       |       |       ||    12
       Plate armour      |    35 |   148 |   167 |       |       ||   350
       Swamp dragon scal |       |       |    42 |   282 |   232 ||   556
Dodge: Dodged            |    38 |    64 |   138 |   226 |   189 ||   655
Block: Tower shield      |       |       |       |   409 |   504 ||   913
